 Dungeon Crawl Stone Soup version 0.25.1-2-g60ff931df9 (webtiles) character file.

Game seed: 4041789629138413793

322141 funkygono the Hoplite (level 20, -28/189 HPs)
             Began as a Minotaur Fighter on Nov 11, 2020.
             Was the Champion of Okawaru.
             Killed by the air
             ... invoked by a titan
              (44 damage)
             ... on level 5 of the Vaults.
             The game lasted 02:29:33 (45606 turns).

funkygono the Hoplite (Minotaur Fighter)           Turns: 45606, Time: 02:29:34

Health: -28/189    AC: 36    Str: 33    XL:     20   Next: 66%
Magic:  20/24      EV: 15    Int:  5    God:    Okawaru [******]
Gold:   1786       SH: 37    Dex: 10    Spells: 19/19 levels left

rFire    + + .     SeeInvis +   a - +3 demon whip of Tooky {freeze, MR+}
rCold    + + .     Gourm    .   u - +4 tower shield
rNeg     + . .     Faith    .   T - +5 plate armour of Hairiness {rCorr}
rPois    +         Spirit   .   Q - +2 hat
rElec    +         Reflect  +   J - scarf {rC+ rF+}
rCorr    +         Harm     +   N - +2 pair of gloves {Str+3}
MR       ++...                  r - +1 pair of boots of Brilliance {Harm rElec Regen+ SInv}
Stlth    ..........             q - amulet of reflection
HPRegen  0.81/turn              R - ring of positive energy
MPRegen  0.19/turn              E - +4 ring of protection

@: mighty, resistant, heroism, finesse, marked, flying, very slightly
contaminated, invisible
A: retaliatory headbutt, horns 2
}: 2/15 runes: decaying, serpentine
a: Heroism, Finesse, Renounce Religion


You were on level 5 of the Vaults.
You worshipped Okawaru.
Okawaru was exalted by your worship.
You were not hungry.

You visited 7 branches of the dungeon, and saw 37 of its levels.
You also visited: Gauntlet and Volcano.

You collected 3884 gold pieces.
You spent 2098 gold pieces at shops.

Inventory:

Hand Weapons
 a - the +3 demon whip of Tooky (weapon) {freeze, MR+}
   (Okawaru gifted it to you on level 1 of the Snake Pit)

   It has been specially enchanted to freeze those struck by it, causing extra
   injury to most foes and up to half again as much damage against particularly
   susceptible opponents.
   It can also slow down cold-blooded creatures.
   It affects your resistance to hostile enchantments.
 b - a +4 fustibalus of flaming
 M - a +3 great sword of flaming
Missiles
 c - 405 sling bullets
Armour
 p - +0 storm dragon scales
 r - the +1 pair of boots of Brilliance (worn) {Harm rElec Regen+ SInv}
   (You bought it in a shop on level 1 of the Vaults)

   It insulates you from electricity.
   It lets you see invisible.
   It increases your rate of regeneration.
   It increases damage dealt and taken.
 u - a +4 tower shield (worn)
 y - a +2 pair of boots
 J - a scarf of resistance (worn)
 N - a +2 pair of gloves of strength (worn)
 Q - a +2 hat (worn)
 T - the +5 plate armour of Hairiness (worn) {rCorr}
   (You bought it in a shop on level 1 of the Vaults)

   It provides partial protection from all sources of acid and corrosion.
Jewellery
 g - an uncursed ring of poison resistance
 m - the ring "Ridenwea" {MR- MP+9 Dex+7 SInv}
   (You took it off a yaktaur on level 2 of the Vaults)

   [ring of magical power]

   It affects your dexterity (+7).
   It affects your resistance to hostile enchantments.
   It affects your magic capacity (+9).
   It lets you see invisible.
 n - a +4 ring of protection
 o - an uncursed ring of flight
 q - an amulet of reflection (around neck)
 v - an uncursed ring of protection from fire
 z - an uncursed ring of see invisible
 E - a +4 ring of protection (right hand)
 I - the ring of the Garden {Fire rElec MR+}
   (You found it in a Gauntlet)

   [ring of fire]

   It enhances your fire magic.
   It protects you from fire.
   It makes you vulnerable to cold.
   It insulates you from electricity.
   It affects your resistance to hostile enchantments.
 R - a ring of positive energy (left hand)
Wands
 s - a wand of digging (4)
 G - a wand of flame (54)
 H - a wand of paralysis (43)
 K - a wand of acid (7)
 L - a wand of iceblast (38)
Scrolls
 e - 16 scrolls of remove curse
 t - 5 scrolls of fear
 w - 8 scrolls of magic mapping
 x - 4 scrolls of blinking
 C - 2 scrolls of fog
 P - a scroll of amnesia
 S - 5 scrolls of identify
 W - 15 scrolls of teleportation
Potions
 d - a potion of might
 h - a potion of resistance
 j - 6 potions of flight
 k - 9 potions of curing
 l - 2 potions of ambrosia
 A - 3 potions of cancellation
 D - 5 potions of haste
 O - a potion of berserk rage
 Y - a potion of invisibility
Comestibles
 f - 63 rations
 i - 9 chunks of flesh


   Skills:
 + Level 18.9(23.9) Fighting
 + Level 17.1(22.1) Maces & Flails
 + Level 16.3(21.3) Slings
 + Level 13.7(18.7) Armour
 + Level 9.5(14.5) Dodging
 + Level 24.0(27) Shields
 + Level 7.4 Invocations
 + Level 1.2 Evocations


You had 19 spell levels left.
You didn't know any spells.
Your spell library contained the following spells:

 Spells                   Type           Power        Failure   Level  Hunger
 Animate Skeleton         Necr           N/A          90%         1    ##.....
 Beastly Appendage        Tmut           #.....       90%         1    ##.....
 Corona                   Hex            #......      90%         1    ##.....
 Infusion                 Chrm           #...         90%         1    ##.....
 Magic Dart               Conj           #...         90%         1    ##.....
 Sting                    Tmut/Pois      #...         90%         1    ##.....
 Blink                    Tloc           N/A          97%         2    ###....
 Call Imp                 Summ           #.......     97%         2    ###....
 Corpse Rot               Necr/Air       N/A          97%         2    ###....
 Ensorcelled Hibernation  Hex/Ice        #.....       97%         2    ###....
 Searing Ray              Conj           #.....       97%         2    ###....
 Shroud of Golubria       Chrm/Tloc      #.....       97%         2    ###....
 Slow                     Hex            #.......     97%         2    ###....
 Song of Slaying          Chrm           #.......     97%         2    ###....
 Confusing Touch          Hex            #.......     99%         3    ####...
 Conjure Flame            Conj/Fire      #.......     99%         3    ####...
 Dazzling Flash           Conj/Hex       #.....       99%         3    ####...
 Gell's Gravitas          Tloc           #.........   99%         3    ####...
 Lesser Beckoning         Tloc           #.........   99%         3    ####...
 Mephitic Cloud           Conj/Pois/Air  #.......     99%         3    ####...
 Ozocubu's Armour         Chrm/Ice       #.......     99%         3    ####...
 Recall                   Summ/Tloc      N/A          99%         3    ####...
 Spectral Weapon          Hex/Chrm       #.......     99%         3    ####...
 Teleport Other           Tloc           #.......     99%         3    ####...
 Tukima's Dance           Hex            #.......     99%         3    ####...
 Vampiric Draining        Necr           #.........   99%         3    ####...
 Airstrike                Air            #.........   100%        4    #####..
 Animate Dead             Necr           N/A          100%        4    #####..
 Fulminant Prism          Conj/Hex       #.........   100%        4    #####..
 Iskenderun's Mystic Bla  Conj/Tloc      #.......     100%        4    #####..
 Passage of Golubria      Tloc           N/A          100%        4    #####..
 Aura of Abjuration       Summ           #.........   100%        5    ######.
 Blade Hands              Tmut           #.........   100%        5    ######.
 Borgnjor's Vile Clutch   Necr/Erth      #.........   100%        5    ######.
 Excruciating Wounds      Chrm/Necr      #.........   100%        5    ######.
 Silence                  Hex/Air        #.........   100%        5    ######.
 Summon Demon             Summ           #.........   100%        5    ######.
 Summon Forest            Summ/Tloc      #.........   100%        5    ######.
 Summon Mana Viper        Hex/Summ       #.......     100%        5    ######.
 Death Channel            Necr           #.........   100%        6    #######
 Shadow Creatures         Summ           N/A          100%        6    #######
 Simulacrum               Ice/Necr       #.........   100%        6    #######
 Dragon Form              Tmut           #.........   100%        7    #######


Dungeon Overview and Level Annotations

Branches:
Dungeon (15/15)            Temple (1/1) D:5            Lair (6/6) D:9
  Swamp (4/4) Lair:3        Snake (4/4) Lair:2        Slime (0/5) Lair:5
    Orc (2/2) D:10            Elf (0/3) Orc:2        Vaults (5/5) D:13
  Crypt (0/3) Vaults:3     Depths (0/5) D:15        Volcano (visited)
Gauntlet (visited)

Altars:
Ashenzari
Cheibriados
Dithmenos
Elyvilon
Fedhas
Gozag
Hepliaklqana
Kikubaaqudgha
Makhleb
Nemelex Xobeh
Okawaru
Qazlal
Ru
Sif Muna
Trog
Uskayaw
Vehumet
Wu Jian
Yredelemnul
Zin
The Shining One
Beogh

Shops:
D:8 (   Orc:1 *   Orc:2 %?(=   Snake:2 [   Snake:3 =   Vaults:1 [   Vaults:2 [
Vaults:4 *

Portals:
Trove: D:15 (give 17 potions of curing)

Annotations:
Lair:2 1 runed translucent door, Kotami's ghost, journeyman OpFi


Innate Abilities, Weirdness & Mutations

You reflexively headbutt those who attack you in melee.
You have a pair of horns on your head.


Message History

You reflect the bolt off an invisible shield around you!
The bolt hits the yaktaur!!
The vault warden activates a sealing rune.
The yaktaur wields a +0 arbalest.
The yaktaur shoots a bolt.
You reflect the bolt off an invisible shield around you!
The bolt hits the yaktaur!!
An orc warrior comes into view. It is wielding a +0 war axe.
You feel very buoyant.
You fly up into the air.
You block the orc knight's attack. The ironheart preserver misses you.
You furiously retaliate!
You headbutt the ironheart preserver!!
The yaktaur shoots a bolt.
You reflect the bolt off an invisible shield around you!
The bolt hits the yaktaur!!
An orc wizard comes into view. It is wielding a +0 dagger.
The yaktaur shoots a bolt.
The bolt closely misses you.
An orc warrior comes into view. It is wielding a +0 war axe.
An ettin comes into view. It is wielding two +0 dire flails.
The titan waves its arms in wide circles.
The air twists around and violently strikes you in flight!!!
You die...

*,,,,,,,,,###....#*,,,,***,,,,,,,
,,,*****,,,,#..C.#*,,,,* ***,,,,,
,,,*,,,**,,,#.ooo#*,,,,* ****,,
,**,,,,,**,,#....#*,,,,* **+
,*,,,,,,,#.,#....#*,,,,* ****,,
,**,,,,,##.,#..[.#*,,,,* ***,,,,,
,,**,,,##..,#..c.#*,,,,***,,,,,,,
*,,****#...##.(c.#*,,,,**,,,,,,,,
*,,,,,,,,,#§§.Oo@#*,,,,**,,,,,,,,
*****######§§Ccp(#*,,,,**,,,,,,,,
,,,,,..O..(O§pcp##*,,,,**,,,,,,,,
,,,,,..O(.ck§eCC#**,,,,*+*,,,,,,,
,,,,,...(..c§##§D......*,***,,,,*
*****##########p§......,,,,+*****
**************#..((....,,********
,,,,,,,,,,,,,,...(.(...,,,,,,,,,,
,,,,,,,,,,,,,,.........,,,,,,,,,,


You could see an ironheart preserver, a titan, a fire giant, a vault warden, an
orc knight, 2 ettins, an ogre mage, a vault sentinel, 4 yaktaurs, 2 orc
warriors, an ogre and an orc wizard.

Vanquished Creatures
  the Lernaean hydra (Swamp:4)
  Margery (Vaults:2)
  A tentacled monstrosity (Vaults:5)
  Jorgrun (Swamp:2)
  A sphinx (Vaults:4)
  Kirke (Swamp:2)
  4 thorn hunters
  2 tengu reavers
  7 nagarajas
  Donald (Snake:2)
  4 fire giants
  10 vault wardens
  A deep elf sorcerer (Vaults:3)
  A frost giant (Vaults:3)
  A deep elf elementalist (Vaults:5)
  11 ironheart preservers
  4 stone giants
  An entropy weaver (Vaults:3)
  Nessos (D:15)
  A deep elf demonologist (Vaults:4)
  Azrael (D:13)
  A minotaur (Gauntlet)
  2 deep elf death magi (Vaults:3)
  An ettin (Vaults:5)
  An eidolon (Vaults:3)
  Josephine (D:11)
  4 fire dragons
  An ice dragon (Vaults:3)
  A rakshasa (Vaults:1)
  19 hydras
  7 yaktaur captains
  10 naga warriors
  29 vault guards
  A hell beast (Gauntlet)
  5 ogre magi
  A great orb of eyes (Vaults:2)
  Harold (D:7)
  12 anacondas
  6 centaur warriors
  2 shambling mangroves
  A catoblepas (D:15)
  A dancing weapon (Volcano)
  2 deep troll shamans (Vaults:2)
  2 death knights
  13 alligators
  2 tengu warriors
  18 two-headed ogres
  10 naga sharpshooters
  The ghost of Ninug the Magician, a novice GnVM of Sif Muna (D:10)
  A deep troll earth mage (Vaults:2)
  5 orc high priests (Orc:2)
  4 deep elf knights (Vaults:4)
  3 shock serpents
  5 hell knights (Vaults:2)
  8 spriggans
  2 fire crabs (Lair:6)
  2 salamander mystics
  A shadow wraith (Vaults:3)
  A death drake (Gauntlet)
  A swamp dragon (shapeshifter) (Vaults:3)
  7 deep trolls
  3 naga ritualists
  3 spriggan druids
  2 glowing orange brains (shapeshifter)
  10 swamp dragons
  8 wizards
  A phantasmal warrior (Vaults:3)
  4 deep elf archers
  A glowing orange brain (Vaults:1)
  A flayed ghost (Vaults:4)
  13 ironbrand convokers
  15 orc knights
  16 harpies
  A harpy (shapeshifter) (Vaults:4)
  2 wolf spider zombies
  6 wolf spiders
  5 necromancers
  3 orc sorcerers
  24 ugly things
  5 mana vipers
  6 cyclopes
  7 salamanders
  10 deep elf magi
  5 toenail golems (Volcano)
  A manticore (D:14)
  A salamander (shapeshifter) (Vaults:4)
  3 oklob plants (Lair:5)
  6 elephants (Lair:6)
  A frost giant skeleton (Vaults:2)
  A guardian serpent (Snake:1)
  29 black mambas
  9 vault sentinels
  5 centaur zombies
  16 naga magi
  3 molten gargoyles
  A spiny frog (shapeshifter) (Vaults:3)
  A komodo dragon (shapeshifter) (D:13)
  A yaktaur (shapeshifter) (Vaults:2)
  An efreet (D:14)
  13 spiny frogs
  7 freezing wraiths
  A redback zombie (D:15)
  9 komodo dragons
  A rime drake (Lair:2)
  51 yaktaurs
  2 kobold demonologists
  2 tengu conjurers
  A queen bee (shapeshifter) (D:13)
  20 hornets
  6 trolls
  4 tyrant leeches
  A hippogriff (shapeshifter) (D:13)
  11 slime creatures
  A polar bear (Lair:6)
  4 bog bodies
  7 dream sheep (Lair:6)
  22 blink frogs
  9 hippogriffs
  A redback (Vaults:3)
  5 flying skulls
  A redback (shapeshifter) (Vaults:2)
  26 yaks
  A shadow (D:11)
  A tarantella (shapeshifter) (Vaults:3)
  10 wraiths
  A wyvern (Lair:6)
  5 fire elementals
  A hog (Swamp:2)
  2 steam dragons
  11 vampire mosquitoes (Swamp:3)
  A human simulacrum (Vaults:3)
  3 hungry ghosts
  14 insubstantial wisps
  4 basilisks (Lair:6)
  51 nagas
  13 swamp worms
  8 wargs
  Edmund (D:5)
  A warg (shapeshifter) (Vaults:2)
  An acid dragon (Vaults:2)
  8 water moccasins
  A soldier ant (D:11)
  A deep troll skeleton (Vaults:2)
  A human skeleton (Vaults:2)
  11 porcupines
  7 hell hounds
  46 orc warriors
  9 swamp drakes
  4 ice beasts
  A black bear (D:11)
  2 sky beasts (D:5)
  13 ogres
  A human zombie (Vaults:2)
  14 boggarts
  A necrophage (D:11)
  3 phantoms
  An orc skeleton (Vaults:2)
  11 centaurs
  17 crocodiles
  A big kobold (D:7)
  Blork the orc (D:6)
  21 bullfrogs
  A wyvern skeleton (D:14)
  7 scorpions
  13 killer bees
  12 wights
  4 howler monkeys
  A bullfrog zombie (D:6)
  5 lava snakes (Lair:6)
  4 crimson imps
  4 centaur skeletons
  5 hounds
  3 bullfrog skeletons
  A gnoll shaman (D:7)
  34 orc priests
  3 jellies
  34 orc wizards
  Jessica (D:3)
  3 iguanas
  10 worker ants
  A hound skeleton (D:10)
  A hound zombie (D:7)
  2 worker ant zombies
  Robin (D:3)
  9 gnolls
  13 adders
  4 shadow imps
  An adder zombie (D:5)
  An adder skeleton (D:9)
  7 worms
  7 dart slugs
  7 leopard geckos
  96 orcs
  11 bats
  6 giant cockroaches
  13 goblins
  12 hobgoblins
  14 jackals
  11 kobolds
  5 quokkas
  5 frilled lizards
  6 rats
  A crawling corpse (Vaults:3)
  2 fungi
  3 withered plants (Gauntlet)
1374 creatures vanquished.

Vanquished Creatures (others)
  An ironheart preserver (Vaults:3)
  A molten gargoyle (Lair:6)
  3 humans
  2 orc wizards (Orc:2)
  An orc (Orc:2)
  4 fungi
  2 plants (Lair:2)
  21 withered plants (Gauntlet)
35 creatures vanquished.

Grand Total: 1409 creatures vanquished

Notes
Turn   | Place    | Note
-------+----------+-------------------------------------------
     0 | D:1      | funkygono the Minotaur Fighter began the quest for the Orb.
     0 | D:1      | Reached XP level 1. HP: 19/19 MP: 0/0
   129 | D:1      | Reached XP level 2. HP: 27/27 MP: 1/1
   202 | D:1      | Reached skill level 4 in Shields
   670 | D:1      | Reached XP level 3. HP: 33/33 MP: 2/2
  1295 | D:2      | Reached skill level 1 in Dodging
  1358 | D:2      | Reached XP level 4. HP: 39/40 MP: 3/3
  1792 | D:3      | Noticed Jessica
  1797 | D:3      | Found a glowing golden altar of the Shining One.
  1818 | D:3      | Killed Jessica
  1876 | D:3      | Reached skill level 5 in Shields
  1967 | D:3      | Reached XP level 5. HP: 45/46 MP: 4/4
  2059 | D:3      | Noticed Robin
  2087 | D:3      | Killed Robin
  2781 | D:4      | Found a shimmering blue altar of Sif Muna.
  2820 | D:4      | Found a radiant altar of Vehumet.
  2823 | D:4      | Reached XP level 6. HP: 53/53 MP: 5/5
  3560 | D:5      | Entered Level 5 of the Dungeon
  3562 | D:5      | Found a staircase to the Ecumenical Temple.
  3594 | D:5      | Noticed a sky beast
  3597 | Temple   | Entered the Ecumenical Temple
  3713 | Temple   | Became a worshipper of Warmaster Okawaru
  3791 | D:5      | Killed a sky beast
  3791 | D:5      | Reached skill level 5 in Maces & Flails
  3791 | D:5      | Reached skill level 5 in Armour
  3878 | D:5      | Noticed a sky beast
  3891 | D:5      | Killed a sky beast
  3891 | D:5      | Reached skill level 5 in Fighting
  3891 | D:5      | Reached XP level 7. HP: 45/61 MP: 6/6
  4049 | D:5      | Noticed Edmund
  4082 | D:5      | Killed Edmund
  4082 | D:5      | Reached * piety under Okawaru
  4082 | D:5      | Reached skill level 6 in Shields
  4692 | D:6      | Found a burning altar of Makhleb.
  4889 | D:6      | Reached skill level 1 in Slings
  4889 | D:6      | Reached XP level 8. HP: 69/69 MP: 4/7
  5054 | D:6      | Found a blossoming altar of Fedhas.
  5128 | D:6      | Noticed Blork the orc
  5140 | D:6      | Killed Blork the orc
  5476 | D:6      | Reached ** piety under Okawaru
  5839 | D:7      | Reached skill level 7 in Shields
  5867 | D:7      | Found an ancient bone altar of Kikubaaqudgha.
  5925 | D:7      | Noticed a +0 dagger
  5927 | D:7      | Noticed a +0 hand axe
  5930 | D:7      | Found a hide-covered altar of Uskayaw.
  5954 | D:7      | Reached skill level 5 in Slings
  6092 | D:7      | Reached XP level 9. HP: 77/78 MP: 8/8
  6382 | D:8      | Noticed Harold
  6383 | D:8      | Noticed a two-headed ogre
  6438 | D:7      | Killed a two-headed ogre
  6445 | D:7      | HP: 3/79 [hippogriff (4)]
  6446 | D:7      | Reached *** piety under Okawaru
  6785 | D:8      | Noticed a two-headed ogre
  6804 | D:7      | Killed a two-headed ogre
  6804 | D:7      | Reached skill level 8 in Shields
  6814 | D:7      | Killed Harold
  6814 | D:7      | Received a gift from Okawaru
  6814 | D:7      | Reached skill level 1 in Invocations
  6814 | D:7      | Reached XP level 10. HP: 76/86 MP: 9/9
  7022 | D:8      | Reached skill level 9 in Shields
  7038 | D:8      | Reached **** piety under Okawaru
  7047 | D:8      | Received a gift from Okawaru
  7421 | D:8      | Found Biuts's Antique Weapon Boutique.
  7519 | D:8      | Found a sparkling altar of Nemelex Xobeh.
  7551 | D:8      | Found a white marble altar of Elyvilon.
  8479 | D:9      | Found a staircase to the Lair.
  8515 | D:9      | Found a shattered altar of Ashenzari.
  8734 | Lair:1   | Entered Level 1 of the Lair of Beasts
  8740 | Lair:1   | Reached skill level 1 in Evocations
  8753 | Lair:1   | Noticed a black mamba
  8772 | Lair:1   | Killed a black mamba
  8772 | Lair:1   | Reached skill level 10 in Shields
  8953 | Lair:1   | Noticed a black mamba
  8964 | Lair:1   | Killed a black mamba
  8964 | Lair:1   | Received a gift from Okawaru
  8964 | Lair:1   | Reached skill level 10 in Maces & Flails
  9112 | Lair:1   | Noticed a five-headed hydra
  9124 | Lair:1   | Killed a five-headed hydra
  9124 | Lair:1   | Reached ***** piety under Okawaru
  9124 | Lair:1   | Reached XP level 11. HP: 72/94 MP: 10/10
  9829 | Lair:2   | Received a gift from Okawaru
 10328 | Lair:2   | Reached skill level 11 in Shields
 10532 | Lair:2   | Found a runed translucent door.
 10534 | Lair:2   | Identified the +4 spear "Fouzam" {freeze, Str-3 Int+3
                  | Stlth+}
 10534 | Lair:2   | Noticed a spriggan rider
 10535 | Lair:2   | Noticed Kotami's ghost (journeyman OpFi)
 10711 | Lair:2   | Found a staircase to the Snake Pit.
 11140 | Lair:3   | Noticed a four-headed hydra
 11152 | Lair:3   | Killed a four-headed hydra
 11152 | Lair:3   | Received a gift from Okawaru
 11177 | Lair:3   | Reached skill level 10 in Slings
 11304 | Lair:3   | Received a gift from Okawaru
 11475 | Lair:3   | Found a staircase to the Swamp.
 11511 | Lair:3   | Received a gift from Okawaru
 11519 | Lair:3   | Reached skill level 12 in Shields
 11828 | Lair:3   | You fall into a shaft and drop 1 floor!
 11847 | Lair:4   | Reached XP level 12. HP: 105/105 MP: 11/11
 11885 | Lair:4   | Found an iron altar of Okawaru.
 11970 | Lair:4   | Received a gift from Okawaru
 12194 | Lair:4   | Found a dark tunnel.
 12203 | Volcano  | Entered a volcano
 12543 | Volcano  | Reached skill level 13 in Shields
 12770 | Lair:4   | Reached skill level 10 in Fighting
 12770 | Lair:4   | Reached skill level 10 in Armour
 12770 | Lair:4   | Reached skill level 5 in Dodging
 12770 | Lair:4   | Reached XP level 13. HP: 114/114 MP: 12/14
 14093 | Lair:5   | Received a gift from Okawaru
 14094 | Lair:5   | Found a staircase to the Slime Pits.
 14612 | Lair:6   | Entered Level 6 of the Lair of Beasts
 14634 | Lair:6   | Received a gift from Okawaru
 14703 | Lair:6   | Reached ****** piety under Okawaru
 14773 | Lair:6   | Reached XP level 14. HP: 122/122 MP: 15/15
 14834 | Lair:6   | Received a gift from Okawaru
 14855 | Lair:6   | Reached skill level 14 in Shields
 15794 | Lair:6   | Found a large runed translucent door.
 16425 | Lair:6   | Reached skill level 15 in Shields
 16435 | Lair:6   | Found a large runed translucent door.
 16475 | Lair:6   | Got a steaming steel amulet
 16480 | Lair:6   | Identified the amulet "Eqerhienunk" {Acrobat Dex+3 Slay+5}
                  | (You found it on level 6 of the Lair of Beasts)
 17269 | D:10     | Entered Level 10 of the Dungeon
 17621 | D:10     | Found a staircase to the Orcish Mines.
 18031 | D:10     | Found a transporter.
 18032 | D:10     | Noticed Ninug's ghost (novice GnVM)
 18339 | D:10     | Found a transporter.
 18368 | D:10     | Killed Ninug's ghost
 18553 | Orc:1    | Entered Level 1 of the Orcish Mines
 18562 | Orc:1    | Received a gift from Okawaru
 18716 | Orc:1    | Found Ofonevu's Assorted Antiques.
 19285 | Orc:2    | Entered Level 2 of the Orcish Mines
 19339 | Orc:2    | Found a staircase to the Elven Halls.
 19757 | Orc:2    | Received a gift from Okawaru
 20081 | Orc:2    | Found Yloatwoni's Magic Scroll Shop.
 20084 | Orc:2    | Found Zyntilul's Jewellery Boutique.
 20091 | Orc:2    | Found Umyugh's Weapon Boutique.
 20129 | Orc:2    | Found Vehauh's Food Shop.
 20167 | Orc:2    | Bought a scroll of acquirement for 936 gold pieces
 20168 | Orc:2    | Acquired +0 pearl dragon scales
 20221 | Orc:2    | Found a roughly hewn altar of Beogh.
 20247 | Orc:2    | Received a gift from Okawaru
 20636 | Orc:2    | Found a roughly hewn altar of Beogh.
 20988 | Swamp:1  | Entered Level 1 of the Swamp
 21801 | Swamp:1  | Received a gift from Okawaru
 22278 | Swamp:2  | Reached XP level 15. HP: 133/133 MP: 9/17
 22323 | Swamp:2  | Noticed Kirke
 22334 | Swamp:2  | Noticed a thorn hunter
 22354 | Swamp:2  | Killed a thorn hunter
 22354 | Swamp:2  | Reached skill level 16 in Shields
 22364 | Swamp:2  | Killed Kirke
 22784 | Swamp:2  | Noticed Jorgrun
 22792 | Swamp:2  | Killed Jorgrun
 22792 | Swamp:2  | Received a gift from Okawaru
 22879 | Swamp:2  | Received a gift from Okawaru
 23393 | Swamp:3  | Noticed a thorn hunter
 23409 | Swamp:3  | Killed a thorn hunter
 24105 | Swamp:3  | Reached skill level 17 in Shields
 24669 | Swamp:3  | Noticed a thorn hunter
 24681 | Swamp:3  | Killed a thorn hunter
 24834 | Swamp:4  | Entered Level 4 of the Swamp
 25146 | Swamp:4  | Received a gift from Okawaru
 25347 | Swamp:4  | Noticed a thorn hunter
 25355 | Swamp:4  | Killed a thorn hunter
 25355 | Swamp:4  | Reached XP level 16. HP: 54/144 MP: 18/18
 25426 | Swamp:4  | Received a gift from Okawaru
 25528 | Swamp:4  | Noticed the 27-headed Lernaean hydra
 25542 | Swamp:4  | Killed the 27-headed Lernaean hydra
 25542 | Swamp:4  | Received a gift from Okawaru
 25698 | Swamp:4  | Reached skill level 18 in Shields
 25883 | Swamp:4  | Received a gift from Okawaru
 26389 | Swamp:4  | Got a decaying rune of Zot
 26827 | Snake:1  | Entered Level 1 of the Snake Pit
 26859 | Snake:1  | Received a gift from Okawaru
 26890 | Snake:1  | Got a crystal demon whip {god gift}
 26891 | Snake:1  | Identified the +3 demon whip of Tooky {freeze, MR+}
                  | (Okawaru gifted it to you on level 1 of the Snake Pit)
 27626 | Snake:2  | Noticed Donald
 27641 | Snake:2  | Killed Donald
 27641 | Snake:2  | Received a gift from Okawaru
 27649 | Snake:2  | Reached skill level 19 in Shields
 27702 | Snake:2  | Found a shattered altar of Ashenzari.
 27890 | Snake:2  | Found Ehutiz's Armour Emporium.
 28082 | Snake:2  | Identified the Handbook of Flying Evil Rituals
 28576 | Snake:3  | Found Weulaiko's Jewellery Boutique.
 28839 | Snake:3  | Reached skill level 5 in Invocations
 28942 | Snake:3  | Received a gift from Okawaru
 29000 | Snake:3  | Got a pitted morningstar
 29001 | Snake:3  | Identified the cursed +1 morningstar of the Valley of Death
                  | {protect, rElec MR+} (You found it on level 3 of the Snake
                  | Pit)
 29019 | Snake:3  | Received a gift from Okawaru
 29040 | Snake:3  | Reached XP level 17. HP: 140/154 MP: 10/19
 29491 | Snake:4  | Entered Level 4 of the Snake Pit
 29574 | Snake:4  | Received a gift from Okawaru
 29581 | Snake:4  | Reached skill level 15 in Maces & Flails
 30516 | Snake:4  | Received a gift from Okawaru
 30775 | Snake:4  | Reached skill level 15 in Fighting
 30832 | Snake:4  | Received a gift from Okawaru
 30986 | Snake:4  | Reached skill level 15 in Slings
 31090 | Snake:4  | Received a gift from Okawaru
 31244 | Snake:4  | Got a serpentine rune of Zot
 31941 | D:11     | Noticed Josephine
 31948 | D:11     | Killed Josephine
 32030 | D:11     | Found a blossoming altar of Fedhas.
 32518 | D:12     | Reached skill level 20 in Shields
 32804 | D:12     | Found a sacrificial altar of Ru.
 33071 | D:13     | Found a gate to the Vaults.
 33350 | D:13     | Found a gate leading to a gauntlet.
 33363 | D:13     | Noticed Azrael
 33405 | D:13     | Killed Azrael
 33410 | Gauntlet | Entered a Gauntlet
 33410 | Gauntlet | Found a large runed translucent door.
 33410 | Gauntlet | Found a large runed translucent door.
 33410 | Gauntlet | Found a large runed translucent door.
 33410 | Gauntlet | Found a large runed translucent door.
 33410 | Gauntlet | Found a large runed translucent door.
 33410 | Gauntlet | Found a large runed translucent door.
 33410 | Gauntlet | Found a runed translucent door.
 33410 | Gauntlet | Found a transporter.
 33410 | Gauntlet | Found a transporter.
 33410 | Gauntlet | Found a runed translucent door.
 33410 | Gauntlet | Found a large runed translucent door.
 33410 | Gauntlet | Found a large runed translucent door.
 33410 | Gauntlet | Found a large runed translucent door.
 33410 | Gauntlet | Found a large runed translucent door.
 33410 | Gauntlet | Found a large runed translucent door.
 33410 | Gauntlet | Found a large runed translucent door.
 33414 | Gauntlet | Found a transporter.
 33414 | Gauntlet | Found a transporter.
 33428 | Gauntlet | Found a large runed translucent door.
 33428 | Gauntlet | Found a large runed translucent door.
 33429 | Gauntlet | Found a runed translucent gate.
 33429 | Gauntlet | Found a runed translucent gate.
 33429 | Gauntlet | Found a runed translucent gate.
 33431 | Gauntlet | Found a transporter.
 33441 | Gauntlet | Found a large runed translucent door.
 33442 | Gauntlet | Found a large runed translucent door.
 33446 | Gauntlet | Found a transporter.
 33461 | Gauntlet | Found a transporter.
 33474 | Gauntlet | Found a transporter.
 33564 | Gauntlet | Found a transporter.
 33568 | Gauntlet | Found a transporter.
 33575 | Gauntlet | Found a transporter.
 33578 | Gauntlet | Found a transporter.
 33618 | Gauntlet | Found a transporter.
 33682 | Gauntlet | Found a transporter.
 33699 | Gauntlet | Found a transporter.
 33711 | Gauntlet | Found a transporter.
 34134 | Gauntlet | Got an encrusted scythe
 34139 | Gauntlet | Identified the +10 scythe of the Evil Eye {freeze, +Fly
                  | rElec Str+3 Int+3} (You found it in a Gauntlet)
 34146 | Gauntlet | Got a pair of ancient boots
 34157 | Gauntlet | Identified the cursed +0 pair of boots of Daczaw {Str+3}
                  | (You found it in a Gauntlet)
 34594 | Gauntlet | Got a brightly glowing copper ring
 34609 | Gauntlet | Identified the ring of the Garden {Fire rElec MR+} (You
                  | found it in a Gauntlet)
 34683 | Gauntlet | Identified Rone's Collected Works on Helpful Transmutation
 34703 | Gauntlet | Got ichor-stained steam dragon scales
 34716 | Gauntlet | Identified the +3 steam dragon scales of the Prince of
                  | Darkness {rC+ Regen+} (You found it in a Gauntlet)
 34748 | Gauntlet | Got a pair of transparent boots
 34757 | Gauntlet | Identified the -5 pair of boots of Claustrophobia {rF++
                  | Int+2} (You found it in a Gauntlet)
 35743 | D:14     | Found a roughly hewn altar of Beogh.
 36091 | D:14     | Reached XP level 18. HP: 166/166 MP: 21/21
 36453 | D:15     | Entered Level 15 of the Dungeon
 36619 | D:15     | Found a portal to a secret trove of treasure.
 36674 | D:15     | Noticed Nessos
 36680 | D:15     | Killed Nessos
 37096 | D:15     | Found a staircase to the Depths.
 37245 | D:15     | Received a gift from Okawaru
 37248 | D:15     | Got a twisted quarterstaff {god gift}
 37805 | D:15     | Identified the +0 quarterstaff "Unips" {vorpal, rElec Str+3
                  | Dex+2 SInv} (Okawaru gifted it to you on level 15 of the
                  | Dungeon)
 38027 | Vaults:1 | Entered Level 1 of the Vaults
 38748 | Vaults:1 | Found Weesest's Antique Armour Boutique.
 38755 | Vaults:1 | Bought a pair of encrusted boots for 294 gold pieces
 38755 | Vaults:1 | Bought a brightly glowing plate armour for 868 gold pieces
 38766 | Vaults:1 | Identified the +5 plate armour of Hairiness {rCorr} (You
                  | bought it in a shop on level 1 of the Vaults)
 38776 | Vaults:1 | Identified the +1 pair of boots of Brilliance {Harm rElec
                  | Regen+ SInv} (You bought it in a shop on level 1 of the
                  | Vaults)
 38869 | Vaults:1 | Reached skill level 21 in Shields
 39796 | Vaults:2 | Received a gift from Okawaru
 39848 | Vaults:2 | Noticed Margery
 39884 | Vaults:2 | Killed Margery
 39936 | Vaults:2 | Identified the ring "Ridenwea" {MR- MP+9 Dex+7 SInv}
 40434 | Vaults:2 | Found Zeegh's Armour Shop.
 40622 | Vaults:2 | Reached XP level 19. HP: 177/177 MP: 20/22
 41112 | Vaults:2 | Received a gift from Okawaru
 41466 | Vaults:3 | Reached skill level 22 in Shields
 41501 | Vaults:3 | Received a gift from Okawaru
 42186 | Vaults:3 | Received a gift from Okawaru
 42839 | Vaults:3 | Found a staircase to the Crypt.
 43428 | Vaults:4 | Found Olahes Kiura's General Store.
 43514 | Vaults:4 | Received a gift from Okawaru
 43856 | Vaults:4 | Received a gift from Okawaru
 44177 | Vaults:4 | Reached XP level 20. HP: 162/189 MP: 24/24
 44302 | Vaults:4 | Reached skill level 23 in Shields
 45136 | Vaults:5 | Entered Level 5 of the Vaults
 45317 | Vaults:5 | Received a gift from Okawaru
 45339 | Vaults:5 | Received a gift from Okawaru
 45511 | Vaults:5 | Received a gift from Okawaru
 45592 | Vaults:5 | Reached skill level 24 in Shields
 45606 | Vaults:5 | Killed from afar by a titan

Illustrated notes

Levels and vault maps discovered:
D:1:      heliophobic_arrival_glass_houses, layout_loops_cross,
          hangedman_decor_slide_cut
D:2:      layout_basic, minmay_liquid_box, minmay_heptomino_l4
D:3:      layout_rooms, lemuel_crystal_altar, hangedman_glass_teeth,
          cheibrodos_gnoll_hut, uniq_jessica, uniq_robin
D:4:      kennysheep_slugbush, layout_basic, vehumet_crystals,
          overflow_temple_1_default, first_ration
D:5:      layout_layer_cave, temple_pool_b, gup_sewer_entry_bowl, uniq_edmund
D:6:      layout_loops_ring, lemuel_crystal_altar,
          nicolae_overflow_hidden_temple, chequers_serial_rivers_micro_d,
          minmay_fractal_squares_5, uniq_blork_the_orc
D:7:      layout_rooms, dancing_weapons_uskayaw, tgw_kikubaaqudgha
D:8:      kennysheep_big_flooded_room, layout_cave_pools, kennysheep_mini_moat,
          lemuel_round_altar, serial_shops, shop, uniq_harold
D:9:      layout_basic, lemuel_doored_altar, lair_entry_dummy
D:10:     layout_loops_corners, orc_0_dummy, gammafunk_ghost_smash
D:11:     layout_loops_cross, hangedman_pestilent_swarm, serial_park_tiny_2,
          fedhas_bush_and_centaur_altar, uniq_josephine
D:12:     layout_roguey, basic_altar, ebering_dispersal_statue_hall
D:13:     layout_roguey, david_vaults_2, gauntlet_entry_generic, uniq_azrael
D:14:     layout_roguey [special_room_orc], kennysheep_another_room
D:15:     grunt_enter_depths_magical_seal, layout_layer_cave, enter_trove_0,
          uniq_nessos
Temple:   nicolae_temple_figure_eight
Lair:1:   layout_regular_city, grunt_forest_small_clearings
Lair:2:   layout_cave_pods, minmay_snake_entry_guardpost_small,
          ebering_ghost_funeral_grove
Lair:3:   layout_regular_city, skrybe_swamp_entry_bodies, serial_bayou_shore_a,
          grunt_megastairs_5, serial_bayou_shore_b
Lair:4:   layout_cave_pods, basic_altar, nicolae_volcano_entry_two_sided
Lair:5:   layout_big_grid, minmay_slime_entry_oklob_open
Lair:6:   cheibrodos_lair_end_hotspot, layout_big_grid
Swamp:1:  layout_basic_swamp, evilmike_swamp_ruin_house_1,
          infiniplex_staircase_pool
Swamp:2:  layout_basic_swamp, nicolae_swamp_orc_logging_accident, uniq_jorgrun,
          uniq_kirke
Swamp:3:  layout_basic_swamp, serial_swamp_ruin, evilmike_swamp_ruin_house_3,
          evilmike_swamp_ruin_house_4
Swamp:4:  swamp_old_school, layout_basic_swamp
Snake:1:  layout_misc_corridors
Snake:2:  layout_onion_interference, serial_shops, shop, basic_altar,
          uniq_donald
Snake:3:  layout_rooms, serial_shops, nicolae_shop_waterfront, drop_trap
Snake:4:  minmay_snake_end_coiled, layout_cave_town
Orc:1:    layout_caves, serial_shops, shop
Orc:2:    st_orc_mages, layout_caves, basic_altar, kennysheep_orc_chapel
Vaults:1: vaults_room_guarded_vault, vaults_room_octagon, vaults_dpeg_ring,
          nicolae_vaults_twisting_passages, grunt_vaults_focal, v_misc_23,
          nicolae_vaults_yaktaur_gun_rack, layout_vaults_chaotic_city,
          serial_shops, shop_statue
Vaults:2: vaults_dpeg_cross, st_more_cells, nicolae_vaults_three_branches,
          nicolae_vaults_network_square, hangedman_vaults_cutoff,
          hangedman_vaults_nails, v_misc_30, vaults_room_pool,
          nicolae_vaults_alarming, layout_vaults_omnigrid, serial_shops, shop,
          uniq_margery
Vaults:3: vaults_mumra_bighexcomb, ontoclasm_vaults_loading_screen,
          vaults_mumra_hexcomb, v_misc_3, ontoclasm_vaults_loading_screen,
          minmay_crypt_entry_simple_corners, nicolae_vaults_sealed_display,
          grunt_vaults_hallway_short, vaults_room_pool, vaults_mumra_minichess,
          vaults_room_semicircle, vaults_mumra_minichess_inversion,
          layout_vaults_ring
Vaults:4: nicolae_vaults_display_case, grunt_vaults_funnel, v_misc_23,
          hangedman_vaults_cutoff, dpeg_vaults_monster_row,
          vaults_room_stairs_pillars, ontoclasm_vaults_chip,
          nicolae_vaults_gold_heap, v_alt_pattern_2,
          ontoclasm_vaults_loading_screen, ontoclasm_vaults_twist,
          grunt_vaults_hallway_long, layout_vaults_omnicross, serial_shops,
          shop_statue
Vaults:5: uniq_frederick

Skill      XL: |  1  2  3  4  5  6  7  8  9 10 11 12 13 14 15 16 17 18 19 20 |
---------------+-------------------------------------------------------------+-----
Shields        | 4 5 6 7 8 10 12 13 15 17 19 20 21 22 24 | 24.0
Fighting       | 4 5 6 7 8 9 10 12 13 14 15 17 18 | 18.9
Armour         | 4 5 6 7 8 10 11 12 13 | 13.7
Dodging        | 1 2 3 4 5 7 8 9 |  9.5
Maces & Flails | 3 4 5 6 7 8 10 11 12 13 14 15 16 17 | 17.1
Slings         | 1 5 7 9 10 11 13 14 15 16 | 16.3
Invocations    | 1 3 4 5 6 7 |  7.4
Evocations     | 1 |  1.2

Action                   |  1- 3 |  4- 6 |  7- 9 | 10-12 | 13-15 | 16-18 | 19-21 || total
-------------------------+-------+-------+-------+-------+-------+-------+-------++-------
Melee: Flail             |   111 |    99 |       |       |       |       |       ||   210
       Headbutt          |    13 |    25 |    42 |   101 |   217 |   288 |   201 ||   887
       Mace              |       |    67 |   218 |   427 |   978 |   114 |       ||  1804
       Unarmed           |       |       |    17 |       |       |       |       ||    17
       Fustibalus        |       |       |       |       |     1 |       |       ||     1
       Demon whip        |       |       |       |       |       |   994 |   663 ||  1657
 Fire: Hunting sling     |       |     2 |   136 |   139 |       |       |       ||   277
       Fustibalus        |       |       |       |   119 |   679 |   875 |   280 ||  1953
Throw: Stone             |       |       |       |       |     4 |       |       ||     4
Invok: Heroism           |       |       |     4 |     9 |    26 |    24 |    14 ||    77
       Finesse           |       |       |       |       |     6 |     7 |     6 ||    19
Evoke: Wand              |       |       |       |     1 |       |     3 |       ||     4
  Use: Scroll            |     4 |     7 |     9 |     7 |    11 |    15 |     5 ||    58
       Potion            |       |       |       |     1 |       |     5 |     9 ||    15
 Stab: Invisible         |       |       |       |       |       |     1 |     3 ||     4
  Eat: Chunk             |     2 |     7 |    10 |    12 |    30 |    10 |    15 ||    86
       Ration            |       |       |       |     2 |     3 |    11 |       ||    16
Armor: Scale mail        |    60 |       |       |       |       |       |       ||    60
       Chain mail        |    11 |    86 |    79 |   119 |   225 |       |       ||   520
       Skin              |       |       |     7 |       |       |       |       ||     7
       Pearl dragon scal |       |       |       |       |   119 |   158 |       ||   277
       Plate armour      |       |       |       |       |       |    20 |   176 ||   196
Dodge: Dodged            |    38 |    46 |    64 |    66 |   218 |   178 |   136 ||   746
Block: Kite shield       |    68 |    92 |   193 |    18 |       |       |       ||   371
       Reflection        |       |       |    20 |     6 |    37 |   117 |    72 ||   252
       Tower shield      |       |       |       |   465 |  1300 |  1142 |   951 ||  3858
